 Dungeon Crawl Stone Soup version 0.24.0-37-gcf1ca852f1 (webtiles) character file.

Game seed: 16342468506109020802, levelgen mode: deterministic

2400 Curus the Basher (level 9, -1/105 HPs)
             Began as a Black Draconian Berserker on Dec 2, 2019.
             Was a High Priest of Trog.
             Slain by an orc priest
             ... wielding a +0 trident
              (5 damage)
             ... on level 7 of the Dungeon.
             The game lasted 00:36:41 (6501 turns).

Curus the Basher (Black Draconian Berserker)        Turns: 6501, Time: 00:36:42

Health: -1/105     AC:  8    Str: 26    XL:     9   Next: 23%
Magic:  9/9        EV: 12    Int:  7    God:    Trog [*****.]
Gold:   464        SH:  3    Dex: 13    Spells: 8/8 levels left

rFire    . . .     SeeInvis .   t - +1 flail (drain)
rCold    . . .     Gourm    .   f - +0 buckler
rNeg     + . .     Faith    .   (armour unavailable)
rPois    .         Spirit   .   (helmet restricted)
rElec    +         Reflect  .   (no cloak)
rCorr    +         Harm     .   (no gloves)
MR       .....                  p - +0 pair of boots
Stlth    ..........             (no amulet)
HPRegen  0.27/turn              y - ring of positive energy
MPRegen  0.11/turn              g - ring of resist corrosion

@: berserking, slowed
A: breathe lightning, unfitting armour, electricity resistance, cold-blooded, AC
+7
a: Breathe Lightning, Berserk, Trog's Hand, Brothers in Arms, Renounce Religion


You were on level 7 of the Dungeon.
You worshipped Trog.
Trog was extremely pleased with you.
You were hungry.

You visited 1 branch of the dungeon, and saw 7 of its levels.
You also visited: Sewer.

You collected 464 gold pieces.

Inventory:

Hand Weapons
 a - a +0 mace
 q - a +1 flail
 t - a +1 flail of draining (weapon)
Armour
 f - a +0 buckler (worn)
 p - a +0 pair of boots (worn)
Jewellery
 c - an uncursed ring of stealth
 g - a ring of resist corrosion (right hand)
 h - a -3 ring of protection
 k - an uncursed ring of magical power
 y - a ring of positive energy (left hand)
Wands
 n - a wand of paralysis (3)
 x - a wand of iceblast (8)
Scrolls
 e - 7 scrolls of identify
 i - 8 scrolls of remove curse
 m - 4 scrolls of teleportation
 o - a scroll of blinking
 s - a scroll of fear
 u - 4 scrolls of magic mapping
 v - a scroll of fog
Potions
 d - a potion of mutation
 j - a potion of heal wounds
 l - a potion of ambrosia
 r - 6 potions of might
 w - 2 potions of brilliance
 z - 2 potions of haste
 A - a potion of curing
 B - a potion of agility
Comestibles
 b - 14 rations
 C - a chunk of flesh


   Skills:
 - Level 3.2 Fighting
 + Level 12.4 Maces & Flails
 - Level 2.6 Dodging


You had 8 spell levels left.
You didn't know any spells.
Your spell library was empty.

Dungeon Overview and Level Annotations

Branches:
Dungeon (7/15)             Temple (0/1) D:7           Sewer (visited)

Altars:
Dithmenos
Fedhas
Gozag
Kikubaaqudgha
Makhleb
Nemelex Xobeh
Qazlal
Ru
Sif Muna
Wu Jian
Yredelemnul
The Shining One

Annotations:
D:4 2 transporters, Bombadil's ghost, amateur DsVM


Innate Abilities, Weirdness & Mutations

You can breathe wild blasts of lightning.
Your glossy black scales are hard. (AC +7)
You cannot fit into any form of body armour.
You are resistant to electric shocks. (rElec)
You are cold-blooded and may be slowed by cold attacks.


Message History

You are feeling hungry.
The orc warrior hits you with a +0 trident!
* * * LOW HITPOINT WARNING * * *
The orc warrior hits you with a +0 trident!
* * * LOW HITPOINT WARNING * * *
You sock the orc warrior! You drain the orc warrior.
You kill the orc warrior!
Trog accepts your kill.
The orc wizard casts a spell.
The orc wizard blinks!
You sock the orc!
You kill the orc!
Trog accepts your kill.
You miss the orc wizard. You tail-slap the orc wizard.
You feel the power of Trog in you as your rage grows.
You kill the orc wizard!
Trog accepts your kill.
Trog appreciates your killing of a magic user.
The orc priest hits you from afar with a +0 trident.
You die...

### ... #####o# #
#..<#.# # #.###o# #
#.# #)# ##### #.#
#@# ....##
####.###)##
....##.##.........#
....##.......######
....##..#.####
....##. #.# ....#
#.# ....# #.# ....#
#.#


You could see an orc priest and an orc.

Vanquished Creatures
  2 orc warriors (D:7)
  2 ice beasts (D:6)
  A black bear (D:5)
  A phantom (D:4)
  An ogre (D:6)
  A centaur (D:6)
  2 necrophages (D:5)
  7 bullfrogs
  A scorpion (D:6)
  A water moccasin skeleton (D:6)
  A howler monkey (D:6)
  3 orc priests (D:4)
  2 jellies (D:6)
  6 orc wizards
  2 hounds
  A centaur skeleton (D:7)
  An iguana (D:6)
  Ijyb (D:4)
  5 worker ants
  4 gnolls (D:5)
  12 adders
  7 river rats (Sewer)
  A shadow imp (D:6)
  2 adder skeletons
  A worm (D:6)
  A dart slug (D:1)
  4 leopard geckos
  21 orcs
  4 giant cockroaches
  11 hobgoblins
  3 jackals (D:7)
  2 quokkas
  14 ball pythons
  8 bats
  5 frilled lizards
  11 goblins
  A jackal skeleton (D:6)
  8 kobolds
  A quokka skeleton (D:6)
  29 rats
191 creatures vanquished.

Vanquished Creatures (others)
  An orc wizard (D:6)
1 creature vanquished.

Grand Total: 192 creatures vanquished

Notes
Turn   | Place    | Note
-------+----------+-------------------------------------------
     0 | D:1      | Curus the Draconian Berserker began the quest for the Orb.
     0 | D:1      | Reached XP level 1. HP: 19/19 MP: 1/1
    25 | D:1      | HP: 1/28 [hobgoblin/cursed -1 club (3)]
   328 | D:1      | Reached XP level 2. HP: 26/26 MP: 2/2
   393 | D:1      | Found a sparkling altar of Nemelex Xobeh.
   417 | D:1      | Reached skill level 4 in Maces & Flails
   747 | D:1      | Reached ** piety under Trog
   752 | D:1      | Reached XP level 3. HP: 31/31 MP: 3/3
  1578 | D:2      | Reached skill level 5 in Maces & Flails
  1578 | D:2      | Reached XP level 4. HP: 34/38 MP: 4/4
  1752 | D:2      | Found a sacrificial altar of Ru.
  2520 | D:4      | Reached XP level 5. HP: 30/45 MP: 5/5
  2527 | D:4      | Reached skill level 6 in Maces & Flails
  2824 | D:4      | Found a stormy altar of Qazlal.
  2846 | D:4      | Noticed a phantom
  2907 | D:4      | Killed a phantom
  2907 | D:4      | Reached *** piety under Trog
  2907 | D:4      | Reached XP level 6. HP: 42/51 MP: 6/6
  2951 | D:4      | Found a transporter.
  2951 | D:4      | Noticed Bombadil's ghost (amateur DsVM)
  2954 | D:4      | Found a transporter.
  2967 | D:4      | Noticed Ijyb
  2970 | D:4      | Paralysed by Ijyb for 2 turns
  2981 | D:4      | Killed Ijyb
  2981 | D:4      | Reached skill level 7 in Maces & Flails
  3399 | D:5      | Entered Level 5 of the Dungeon
  3544 | D:5      | Reached skill level 8 in Maces & Flails
  3544 | D:5      | Your scales start taking on a glossy black colour.
  3544 | D:5      | Reached XP level 7. HP: 50/57 MP: 7/7
  3544 | D:5      | Gained mutation: You are resistant to electric shocks.
                  | (rElec) [Black Draconian growth]
  3561 | D:5      | Found a shimmering blue altar of Sif Muna.
  3564 | D:5      | Found a basalt altar of Yredelemnul.
  3585 | D:5      | Found a blossoming altar of Fedhas.
  3597 | D:5      | Found a glowing golden altar of the Shining One.
  3874 | D:5      | Reached skill level 9 in Maces & Flails
  4169 | D:6      | Reached **** piety under Trog
  4186 | D:6      | Found an ornate altar of the Wu Jian Council.
  4193 | D:6      | Reached XP level 8. HP: 55/61 MP: 8/8
  4222 | D:6      | Found a glowing drain.
  4243 | D:6      | Reached skill level 10 in Maces & Flails
  4253 | Sewer    | Entered a sewer
  4642 | Sewer    | Reached ***** piety under Trog
  5053 | D:6      | Reached skill level 11 in Maces & Flails
  5278 | D:6      | Found an opulent altar of Gozag.
  5279 | D:6      | Found a burning altar of Makhleb.
  5279 | D:6      | Found an ancient bone altar of Kikubaaqudgha.
  5384 | D:6      | Found a shadowy altar of Dithmenos.
  5720 | D:6      | Reached XP level 9. HP: 63/70 MP: 9/9
  5722 | D:6      | Reached skill level 12 in Maces & Flails
  5831 | D:7      | Found a shadowy altar of Dithmenos.
  5880 | D:7      | Found a staircase to the Ecumenical Temple.
  6498 | D:7      | HP: 3/105 [orc warrior/+0 trident (8)]
  6501 | D:7      | Slain by an orc priest

Levels and vault maps discovered:
D:1:      dpeg_arrival_radiant, layout_rooms, minmay_misc_feat_cross,
          minmay_misc_feat_room, nemelex_xobeh_ov_fountains_minmay
D:2:      layout_basic, nicolae_ru_the_path_less_chosen
D:3:      layout_loops_ring
D:4:      layout_rooms, gammafunk_ghost_smash, lemuel_altar_in_water, uniq_ijyb
D:5:      layout_loops_cross, grunt_temple_overflow_cloverleaf, first_ration
D:6:      layout_rooms, nicolae_overflow_crystal_walls,
          gammafunk_temple_overflow_forgotten, cheibrodos_sewer_entry_drain,
          nicolae_dithmenos_through_a_glass_darkly
D:7:      layout_basic, nicolae_overflow_hidden_temple,
          minmay_temple_entry_mini_moons

Skill      XL: |  1  2  3  4  5  6  7  8  9 |
---------------+----------------------------+-----
Maces & Flails | 4 5 6 8 9 11 12 | 12.4
Fighting       | |  3.2
Dodging        | |  2.6

Action                   |  1- 3 |  4- 6 |  7- 9 || total
-------------------------+-------+-------+-------++-------
Melee: Mace              |   122 |   149 |       ||   271
       Tailslap          |     9 |    24 |    37 ||    70
       Flail             |       |    19 |   339 ||   358
Invok: Berserk           |     3 |       |     2 ||     5
  Use: Potion            |     3 |     3 |     5 ||    11
       Scroll            |     2 |     5 |     4 ||    11
 Stab: Sleeping          |     1 |       |       ||     1
  Eat: Chunk             |     5 |     6 |    11 ||    22
Armor: Skin              |    43 |    33 |   138 ||   214
Dodge: Dodged            |   102 |    67 |   216 ||   385
Block: Buckler           |     4 |    12 |    55 ||    71
